 Dungeon Crawl Stone Soup version 0.31-a0-185-g9dded2c639 (webtiles) character file.

Game seed: 15018427529397917641

48 qw the Shooter (level 3, -4/20 HPs)
             Began as a Deep Elf Hunter on June 22, 2023.
             Slain by a gnoll
             ... wielding a +0 spear
              (6 damage)
             ... on level 2 of the Dungeon.
             The game lasted 00:00:22 (781 turns).

qw the Shooter (Deep Elf Hunter)                     Turns: 781, Time: 00:00:22

Health: -4/20      AC:  5    Str: 10    XL:     3   Next: 50%
Magic:  5/5        EV: 11    Int: 13    God:
Gold:   91         SH:  0    Dex: 18    Spells: 2/2 levels left

rFire   . . .        i - +0 shortbow (heavy)
rCold   . . .        (shield currently unavailable)
rNeg    . . .        g - +0 ring mail
rPois   .            (no helmet)
rElec   .            (no cloak)
rCorr   .            (no gloves)
SInv    .            (no boots)
Will    .....        (no amulet)
Stlth   +            (no ring)
HPRegen 0.23/turn    (no ring)
MPRegen 0.09/turn

%: no passive effects
@: no status effects
A: no striking features
a: no special abilities


You were on level 2 of the Dungeon.
You visited 1 branch of the dungeon, and saw 2 of its levels.

You collected 91 gold pieces.


   Skills:
 - Level 1.5 Fighting
 + Level 7.0 Ranged Weapons
 - Level 2.4 Dodging
 - Level 1.2 Stealth


You had 2 spell levels left.
You didn't know any spells.
Your spell library was empty.

Inventory:

Hand Weapons
 i - a +0 heavy shortbow (weapon)
Armour
 g - a +0 ring mail (worn)
Scrolls
 a - a scroll of identify
 b - a scroll of revelation {unknown}
Potions
 c - a potion of heal wounds {unknown}
 f - a potion of enlightenment {unknown}
 h - 2 potions of curing
 j - a potion of mutation {unknown}

Dungeon Overview and Level Annotations

Branches:
Dungeon (2/15)

Altars:


Message History

A ball python comes into view.
Enter note: You shoot an arrow.
The arrow hits the ball python!
You kill the ball python!
Found a dagger.
Found a stone staircase leading up.
Enter note:
Enter note: You open the door.
There is an open door here.
You now have 91 gold pieces (gained 7).
You open the door.
Found a chain mail.
There is an open door here.
Enter note:
Enter note: You open the door. 2 gnolls come into view.
Enter note:
Enter note: You shoot an arrow.
The arrow hits the gnoll!
The gnoll shouts!
The gnoll is almost dead.
The gnoll shouts!
You hear a shout!
The gnoll barely misses you.
A gnoll comes into view. It is wielding a +0 club.
The gnoll closely misses you. The gnoll barely misses you.
The gnoll hits you from afar with a +0 spear.
You shoot an arrow. The arrow barely misses the gnoll.
The arrow hits the gnoll!
The gnoll is severely wounded.
The gnoll barely misses you.
The gnoll hits you from afar with a +0 spear!
The gnoll barely misses you.
The gnoll hits you but does no damage. x2
The gnoll hits you from afar with a +0 spear.
You shoot an arrow. The arrow hits the gnoll.
The gnoll is moderately wounded.
The gnoll closely misses you. The gnoll hits you but does no damage.
The gnoll hits you from afar with a +0 spear.
The gnoll closely misses you.
The gnoll hits you from afar with a +0 spear.
You die...

.).#.######...###.....##.....#...
...#.##........##.....###....#...
.....##.....#..######## #....##.#
......+.....#..# #########.#
.######.....#..## ... .#
#.....#...# .... .# #...[.#+#.#
..... .# ###.......##g..... .#
#.......@gg..... .#
#####......###...... #. .#
#......##'## ..... #.#
.####......##.# ...# #.#
....'......##.# ..# #.#
#####.....###.# .. #.# #.....#
#.# ..######.# #.....# #.#
......... #.....# #.# #.>......


You could see 3 gnolls.

Vanquished Creatures
  An adder (D:2)
  4 ball pythons
  A bat (D:1)
  4 endoplasms
  6 goblins (D:1)
  4 hobgoblins (D:1)
  2 frilled lizards (D:1)
  8 kobolds (D:1)
  5 rats
35 creatures vanquished.

Notes
Turn   | Place    | Note
-------+----------+-------------------------------------------
     0 | D:1      | qw the Deep Elf Hunter began the quest for the Orb.
     0 | D:1      | Reached XP level 1. HP: 12/12 MP: 3/3
     0 | D:1      | 0 ||| qw: Version: 0.3-a-9-g12657ce
     0 | D:1      | 0 ||| qw: Game counter: 1705
     0 | D:1      | 0 ||| qw: Always use a shield: true
     0 | D:1      | 0 ||| qw: God list: Okawaru
     0 | D:1      | 0 ||| qw: Allow faded altars: false
     0 | D:1      | 0 ||| qw: Do Orc after D:15 true
     0 | D:1      | 0 ||| qw: Do second Lair branch before Depths: true
     0 | D:1      | 0 ||| qw: Lair rune preference: random
     0 | D:1      | 0 ||| qw: Plans: Normal
     0 | D:1      | 0 ||| PLANNING D:1-11
    19 | D:1      | Found a faded altar of an unknown god.
    49 | D:1      | Reached skill level 6 in Ranged Weapons
    49 | D:1      | Reached XP level 2. HP: 16/16 MP: 4/4
    88 | D:1      | 88 ||| FLEEEEING.
    89 | D:1      | 89 ||| FLEEEEING.
    90 | D:1      | 90 ||| FLEEEEING.
    91 | D:1      | 91 ||| FLEEEEING.
   374 | D:1      | Reached XP level 3. HP: 19/20 MP: 5/5
   583 | D:1      | 583 ||| UPGRADING to +0 ring mail.
   593 | D:1      | 593 ||| DROPPING +0 leather armour.
   594 | D:1      | 594 ||| READING 2 scrolls labelled LOCEAR XOUN.
   595 | D:1      | 595 ||| READING scroll labelled YQIUMA UFEEMOGH.
   596 | D:1      | 596 ||| READING scroll labelled FIUNLU QIRGHO.
   597 | D:1      | 597 ||| READING scroll labelled TUIKKIZOCOR.
   598 | D:1      | 598 ||| DRINKING 3 lumpy inky potions.
   599 | D:1      | 599 ||| DROPPING scroll of butterflies.
   692 | D:2      | Reached skill level 7 in Ranged Weapons
   781 | D:2      | HP: 2/20 [gnoll/+0 spear (5)]
   781 | D:2      | Slain by a gnoll

Levels and vault maps discovered:
D:1:      lightli_arrival_chessboard, layout_loops_cross,
          shapermc_ecumenical_altar_pompeii
D:2:      layout_basic

Skill      XL: |  1  2  3 |
---------------+----------+-----
Ranged Weapons | 6 7 |  7.0
Fighting       | |  1.5
Dodging        | |  2.4
Stealth        | |  1.2

Action                     || total
---------------------------++-------
   Fire: Shortbow          ||    82
    Use: Scroll            ||     4
         Potion            ||     1
 Armour: Leather armour    ||     2
         Ring mail         ||     4
  Dodge: Dodged            ||    19

Table legend:
 A = Non-vault XP
 B = Vault XP
 C = Vault XP percentage of total XP
 D = Non-vault monster count
 E = Vault monster count
 F = Vault count percentage of total count
                 A         B        C        D         E       F
            +---------+---------+-------+---------+---------+-------
      Total |      69 |       0 |   0.0 |      35 |       0 |   0.0
            +---------+---------+-------+---------+---------+-------
        D:1 |      49 |       0 |   0.0 |      30 |       0 |   0.0
        D:2 |      20 |       0 |   0.0 |       5 |       0 |   0.0
            +---------+---------+-------+---------+---------+-------
